 Dungeon Crawl Stone Soup version 0.30-a0-476-g330ca2eb8e (webtiles) character file.

Game seed: 7098931626591255107

218 damiac the Cudgeller (level 6, -3/5 HPs)
             Began as a Meteoran Reaver on Dec 22, 2022.
             Slain by a gnoll
             ... wielding a +0 halberd
              (8 damage)
             ... on level 3 of the Dungeon.
             The game lasted 00:11:49 (2801 turns).

damiac the Cudgeller (Meteoran Reaver)              Turns: 2801, Time: 00:11:49

Health: -3/5       AC: 12    Str: 13    XL:     6   Next: 40%
Magic:  11/11      EV:  4    Int: 17    God:
Gold:   159        SH:  5    Dex: 13    Spells: 9/10 levels left

rFire   + . .      SeeInvis .    n - +0 flail
rCold   . . .      Faith    .    (no shield)
rNeg    . . .      Spirit   .    k - +0 plate armour {rF+}
rPois   .          Reflect  +    l - +0 helmet
rElec   .          Harm     .    (no cloak)
rCorr   .          Rampage  .    (no gloves)
Will    .....                    (no boots)
Stlth   ..........               c - amulet of reflection
HPRegen 0.20/turn                (no ring)
MPRegen 0.12/turn                (no ring)

@: glowing
A: sense surroundings 1, otherworldly, glowing, explore regen
a: no special abilities


You were on level 3 of the Dungeon.
You visited 1 branch of the dungeon, and saw 3 of its levels.

You collected 159 gold pieces.

Inventory:

Hand Weapons
 n - a +0 flail (weapon)
Missiles
 d - 33 stones
Armour
 k - a +0 plate armour of fire resistance (worn)
 l - a +0 helmet (worn)
Jewellery
 c - an amulet of reflection (around neck)
Scrolls
 a - a scroll of blinking
 e - 3 scrolls of poison {unknown}
 f - 3 scrolls of fear {unknown}
 h - a scroll of silence {unknown}
 i - a scroll of enchant armour {unknown}
 o - a scroll of teleportation
 p - a scroll of vulnerability {unknown}
Potions
 b - 2 potions of magic {unknown}
 g - 3 potions of curing
 j - a potion of degeneration {unknown}
 m - a potion of might {unknown}


   Skills:
 + Level 3.2 Fighting
 * Level 5.9 Maces & Flails
 + Level 2.4 Armour
 + Level 3.5 Dodging
 - Level 2.6 Spellcasting
 + Level 4.6 Conjurations


You had 9 spell levels left.
You knew the following spells:

 Your Spells              Type           Power      Damage    Failure   Level
a - Kiss of Death         Conj/Necr      40%        2d8       100%        1

Your spell library contained the following spells:

 Spells                   Type           Power      Damage    Failure   Level
 Momentum Strike          Conj/Tloc      20%        3d8       100%        2
 Hailstorm                Conj/Ice       10%        3d5       100%        3


Dungeon Overview and Level Annotations

Branches:
Dungeon (3/15) Zot: 158

Altars:
Ru
Sif Muna
The Shining One

Annotations:
D:2 1 runed translucent door, Crazy Yiuf


Innate Abilities, Weirdness & Mutations

You passively map a small area around you.
You are easily found by Zot.
You glow in the dark.
You regain HP and MP as you explore.


Message History

You miss the adder.
The adder is almost dead.
The adder barely misses you.
You closely miss the adder.
The adder is almost dead.
The adder bites you but does no damage. x2
You closely miss the adder.
The adder is almost dead.
The adder bites you but does no damage.
You sock the adder!
You kill the adder!
You start waiting.
HP restored.
You start waiting.
You have lingered too long.
Zot senses you.
Dive deeper or flee this branch before you suffer!
Really rest while Zot is near?
Okay, then.
Really rest while Zot is near?
You start waiting.
Zot draws nearer.
Dive deeper or flee this branch before you suffer!
Really rest while Zot is near?
You start waiting.
Zot has nearly found you.
Suffering is imminent.
Descend or flee this branch!
Really rest while Zot is near?
You start waiting.
Zot's power touches on you...
You see here an adder corpse.
A hobgoblin comes into view.
The hobgoblin shouts!
You hear a shout!
A hobgoblin is nearby!
You hit the hobgoblin but do no damage.
The hobgoblin hits you but does no damage.
You thump the hobgoblin!
You kill the hobgoblin!
You see here a hobgoblin corpse.
A gnoll is nearby!
A gnoll is nearby!
The gnoll hits you from afar with a +0 halberd!
Ouch! That really hurt!
You die...

#..#..# ######.#># ##.......##
#.....#####........###.........##
.................<.g.'.........'.
#....######.###....###.........##
...#.# #.# ##...# ##.......##
.....# #.# #....# ##.....##
...### #.# #....# ##...## #.##
#.###.##g# ##'## #># #.....@..#
#.# #.# #####.#### #.## #.#
#.##########..## #.#
#.##.........#.## #.#
#.##.#####..###.## #.# #†##.#
##.## ##.## ..# #.##.####.## ##.#
### #..........## ##†..
####.#####..###.###


You could see a gnoll.

Vanquished Creatures
  An orc priest (D:3)
  Robin (D:2)
  6 gnolls
  5 adders
  A dart slug (D:2)
  4 orcs (D:3)
  8 bats
  3 endoplasms
  2 giant cockroaches (D:1)
  11 goblins
  11 hobgoblins
  4 quokkas
  A ball python (D:3)
  4 kobolds
  3 rats
65 creatures vanquished.

Vanquished Creatures (others)
  A fungus (D:2)
  5 plants (D:2)
6 creatures vanquished.

Grand Total: 71 creatures vanquished

Notes
Turn   | Place    | Note
-------+----------+-------------------------------------------
     0 | D:1      | damiac the Meteoran Reaver began the quest for the Orb.
     0 | D:1      | Reached XP level 1. HP: 17/17 MP: 5/5
    66 | D:1      | Reached XP level 2. HP: 21/21 MP: 6/6
   229 | D:1      | Reached skill level 1 in Armour
   421 | D:2      | Reached XP level 3. HP: 25/27 MP: 8/8
   496 | D:2      | Found a faded altar of an unknown god.
   644 | D:2      | Reached XP level 4. HP: 37/37 MP: 9/9
   683 | D:2      | Noticed Robin
   741 | D:2      | Killed Robin
   742 | D:2      | Reached skill level 5 in Maces & Flails
   809 | D:2      | Found a runed translucent door.
   810 | D:2      | Noticed Crazy Yiuf
   902 | D:2      | Reached XP level 5. HP: 42/42 MP: 10/10
  1076 | D:2      | Glimpsed the power of Zot.
  1126 | D:2      | Glimpsed the power of Zot.
  1395 | D:3      | HP: 1/45 [gnoll/+0 halberd (6)]
  1639 | D:3      | Reached XP level 6. HP: 10/51 MP: 11/11
  1665 | D:3      | Glimpsed the power of Zot.
  1715 | D:3      | Glimpsed the power of Zot.
  1755 | D:3      | Glimpsed the power of Zot.
  1765 | D:3      | Touched by the power of Zot.
  1865 | D:3      | Glimpsed the power of Zot.
  1914 | D:3      | Glimpsed the power of Zot.
  1953 | D:2      | Glimpsed the power of Zot.
  1963 | D:2      | Touched by the power of Zot.
  2063 | D:2      | Glimpsed the power of Zot.
  2113 | D:2      | Glimpsed the power of Zot.
  2153 | D:2      | Glimpsed the power of Zot.
  2163 | D:2      | Touched by the power of Zot.
  2264 | D:2      | Glimpsed the power of Zot.
  2314 | D:2      | Glimpsed the power of Zot.
  2354 | D:2      | Glimpsed the power of Zot.
  2363 | D:2      | Touched by the power of Zot.
  2418 | D:3      | Found a shimmering blue altar of Sif Muna.
  2462 | D:3      | Glimpsed the power of Zot.
  2494 | D:3      | Found a sacrificial altar of Ru.
  2512 | D:3      | Glimpsed the power of Zot.
  2516 | D:3      | Found a glowing golden altar of the Shining One.
  2552 | D:3      | Glimpsed the power of Zot.
  2561 | D:3      | Touched by the power of Zot.
  2660 | D:3      | Glimpsed the power of Zot.
  2710 | D:3      | Glimpsed the power of Zot.
  2750 | D:3      | Glimpsed the power of Zot.
  2760 | D:3      | Touched by the power of Zot.
  2801 | D:3      | Slain by a gnoll

Illustrated notes

Levels and vault maps discovered:
D:1:      amcnicky_arrival_flooded_fountain, layout_rooms
D:2:      layout_rooms, serial_forest, infiniplex_forest_corner_1,
          infiniplex_forest_clump_double, infiniplex_forest_lined_room_2,
          infiniplex_forest_end_3, infiniplex_forest_clump_long,
          infiniplex_forest_end_2, infiniplex_forest_zigzag_2,
          ebering_ecumenical_altar_rust, uniq_robin, uniq_crazy_yiuf_cottage
D:3:      layout_loops_corners, mainiacjoe_overflow_boulevard,
          nicolae_sif_muna_condensation, mainiacjoe_overflow_six_doors_small,
          portal_sewer_entry_e

Skill      XL: |  1  2  3  4  5 |
---------------+----------------+-----
Armour         | 1 2 |  2.4
Conjurations   | 4 |  4.6
Dodging        | 3 |  3.5
Maces & Flails | 5 |  5.9
Fighting       | 3 |  3.2
Spellcasting   | |  2.6

Action                   |  1- 3 |  4- 6 || total
-------------------------+-------+-------++-------
Melee: Mace              |    84 |    87 ||   171
       Punch             |     3 |       ||     3
       Flail             |       |    85 ||    85
 Cast: Kiss of Death     |     1 |       ||     1
  Use: Scroll            |     4 |       ||     4
       Potion            |       |     1 ||     1
Armor: Leather armour    |    15 |       ||    15
       Plate armour      |    25 |   156 ||   181
Dodge: Dodged            |    39 |    28 ||    67
Block: Other             |       |     7 ||     7

Table legend: (Time is in decaauts)
 A = Elapsed time spent in this place.
 B = Non-inter-level travel time spent in this place.
 C = Inter-level travel time spent in this place.
 D = Time resting spent in this place.
 E = Time spent auto-exploring this place.
 F = Levels seen in this place.
 G = Mean time per level.
                   A        B        C        D        E       F      G
               +--------+--------+--------+--------+--------+-----+--------+
         Total |   2841 |   2799 |     42 |    932 |   1225 |   3 |  947.0 |
       Dungeon |   2841 |   2799 |     42 |    932 |   1225 |   3 |  947.0 |
               +--------+--------+--------+--------+--------+-----+--------+

Top non-repeatable levels by time:
     D:2: 1525 daAuts
     D:3: 891 daAuts
     D:1: 424 daAuts
